 Dungeon Crawl Stone Soup version 0.30-b1-2-g02819fbbbe (webtiles) character file.

Game seed: 2901592557396895230

39 LLlMATKO the Chopper (level 3, 0/33 HPs)
             Began as a Minotaur Berserker on Oct 13, 2023.
             Was a Follower of Trog.
             Killed by divine providence
             ... invoked by an orc priest
              (13 damage)
             ... on level 3 of the Dungeon.
             The game lasted 00:01:06 (1412 turns).

LLlMATKO the Chopper (Minotaur Berserker)           Turns: 1412, Time: 00:01:06

Health: 0/33       AC:  2    Str: 29    XL:     3   Next: 26%
Magic:  2/2        EV: 12    Int:  4    God:    Trog [*.....]
Gold:   74         SH:  0    Dex:  9    Spells: 2/2 levels left

rFire   . . .        a - +0 hand axe
rCold   . . .        (no shield)
rNeg    . . .        b - +0 animal skin
rPois   .            (helmet restricted)
rElec   .            (no cloak)
rCorr   .            (no gloves)
SInv    .            (no boots)
Will    .....        (no amulet)
Stlth   +            c - +6 ring of strength
HPRegen 0.25/turn    (no ring)
MPRegen 0.08/turn

%: no passive effects
@: no status effects
A: horns 2, retaliatory headbutt
a: Renounce Religion, Berserk


You were on level 3 of the Dungeon.
You worshipped Trog.
Trog was aware of your devotion.
You visited 1 branch of the dungeon, and saw 3 of its levels.

You collected 74 gold pieces.

Inventory:

Hand Weapons
 a - a +0 hand axe (weapon)
 m - a +0 hand axe
Armour
 b - a +0 animal skin (worn)
Jewellery
 c - a +6 ring of strength (left hand)
Wands
 q - a wand of roots (12)
Scrolls
 f - 2 scrolls of amnesia {unknown}
 g - a scroll of poison {unknown}
 h - a scroll of immolation {unknown}
 j - 4 scrolls of identify {unknown}
 l - 2 scrolls of noise {unknown}
 p - a scroll of teleportation {unknown}
Potions
 d - 3 potions of curing {unknown}
 e - a potion of attraction {unknown}
 i - a potion of experience {unknown}
 k - a potion of haste {unknown}
 n - a potion of might {unknown}
 o - 3 potions of degeneration {unknown}
 r - a potion of invisibility {unknown}
 s - 2 potions of brilliance {unknown}


   Skills:
 + Level 4.1 Fighting
 + Level 4.1 Axes
 + Level 3.1 Armour
 + Level 2.7 Dodging


You had 2 spell levels left.
You didn't know any spells.
Your spell library was empty.

Dungeon Overview and Level Annotations

Branches:
Dungeon (3/15)

Altars:


Innate Abilities, Weirdness & Mutations

You have a pair of horns on your head.
You reflexively headbutt those who attack you in melee.


Message History

No target in view!
No target in view!
HP restored.
s - 2 viscous ruby potions No target in view!
You now have 60 gold pieces (gained 7).
You now have 74 gold pieces (gained 14).
An orc comes into view. It is wielding a +0 dagger.
An orc priest comes into view. It is wielding a +0 dagger.
The orc shouts!
The orc priest shouts!
You hear a shout!
An orc priest comes into view. It is wielding a +0 war axe.
The orc priest invokes the aid of Beogh against you.
Beogh smites you!
There are monsters nearby!
You are too injured to fight recklessly!
There are monsters nearby!
There are monsters nearby!
You are too injured to fight recklessly!
You are too injured to fight recklessly!
Unknown command.
An orc wizard comes into view. It is wielding a +0 dagger.
The orc wizard shouts!
You hear a shout! x2
The orc wizard moves out of view.
You start resting.
There are monsters nearby!
You are too injured to fight recklessly!
You are too injured to fight recklessly!
An orc wizard comes into view. It is wielding a +0 dagger.
The orc priest mumbles some strange prayers to Beogh against you.
Beogh smites you!
You hear an angry hiss.
You barely miss the orc. Your headbutt misses the orc.
The orc wizard gestures wildly while chanting.
The orc wizard flickers and vanishes!
Deactivating autopickup; reactivate with Ctrl-A.
The orc wizard mumbles some strange words.
The orc wizard flickers and vanishes!
The orc priest mumbles some strange prayers to Beogh against you.
Beogh smites you!
You die...

#.....#.###.##.#.......
........# #.##.#.......
......... #............
...#...########.......
......................
#....#######.......
#......#...........
#......#....###....
#.@...........###..
#o#+###.....##..### o..
#.....# #.. {.{..
#...#..# # ...o...
#...##.# ....... #...#
... ....... ..... .###
..##.## .......


You could see 2 orc priests and an orc.

Vanquished Creatures
  2 adders (D:2)
  5 endoplasms
  A giant cockroach (D:1)
  A ball python (D:2)
  4 frilled lizards
  4 goblins
  2 kobolds
  3 rats
22 creatures vanquished.

Notes
Turn   | Place    | Note
-------+----------+-------------------------------------------
     0 | D:1      | LLlMATKO the Minotaur Berserker began the quest for the
                  | Orb.
     0 | D:1      | Reached XP level 1. HP: 19/19 MP: 0/0
   259 | D:1      | Reached XP level 2. HP: 27/27 MP: 1/1
  1137 | D:2      | Reached XP level 3. HP: 29/33 MP: 2/2
  1412 | D:3      | Killed from afar by an orc priest

Illustrated notes

Levels and vault maps discovered:
D:1:      scummos_arrival_gate, layout_basic
D:2:      layout_basic
D:3:      layout_basic, grunt_decor_clamped, skrybe_limestone_x, st_stairs_11

Skill      XL: |  1  2 |
---------------+-------+-----
Fighting       | 4 |  4.1
Axes           | 4 |  4.1
Armour         | 3 |  3.1
Dodging        | |  2.7

Action                     || total
---------------------------++-------
  Melee: Hand axe          ||    38
         Headbutt          ||     2
 Armour: Animal skin       ||     6
  Dodge: Dodged            ||    12
